 Dungeon Crawl Stone Soup version 0.32-a0-630-g46d191b0ed (webtiles) character file.

Game seed: 8932435155528481744

2354 dialectric the Ruffian (level 9, -7/53 HPs)
             Began as a Troll Shapeshifter on Mar 7, 2024.
             Mangled by a gnoll sergeant
             ... wielding a +1 vampiric spear
              (15 damage)
             ... on level 7 of the Dungeon.
             The game lasted 00:07:31 (5598 turns).

dialectric the Ruffian (Troll Shapeshifter)         Turns: 5598, Time: 00:07:31

Health: -7/53      AC:  2    Str: 26    XL:     9   Next: 20%
Magic:  8/8        EV: 11    Int:  6    God:
Gold:   412        SH:  0    Dex: 11    Spells: 8/8 levels left

rFire   . .          .
                       - Unarmed
rCold   . . .        (no shield)
rNeg    . . .        a - melded +0 animal skin
rPois   .            (helmet restricted)
rElec   .            (no cloak)
rCorr   .            (gloves unavailable)
SInv    .            (boots unavailable)
Will    .....        (no amulet)
Stlth   +            l - ring of flight
HPRegen 1.08/turn    (no ring)
MPRegen 0.11/turn

%: no passive effects
@: maw-form, flying
A: devouring maw, reduced hp, large, unfitting armour, claws 3, regeneration 1,
shaggy fur 1, tough skin 1
a: Begin Untransformation


You were on level 7 of the Dungeon.
You were a creature with a mouth for a stomach.
You visited 1 branch of the dungeon, and saw 7 of its levels.
You also visited: Sewer.

You collected 412 gold pieces.

Inventory:

Hand Weapons
 t - a +3 flail
 A - a +0 flail of protection
Missiles
 f - 16 poisoned darts (quivered)
Armour
 a - a +0 animal skin (melded)
Jewellery
 l - a ring of flight (left claw)
Talismans
 c - a beast talisman
 d - a flux talisman
 i - a maw talisman (active)
Wands
 u - a wand of iceblast (2)
Scrolls
 e - 2 scrolls of enchant weapon {unknown}
 g - 2 scrolls of revelation {unknown}
 k - 3 scrolls of brand weapon {unknown}
 m - 2 scrolls of amnesia {unknown}
 n - 2 scrolls of teleportation
 p - 3 scrolls of immolation {unknown}
 q - a scroll of fear {unknown}
 r - a scroll of noise {unknown}
 s - a scroll of blinking {unknown}
 y - 3 scrolls of fog {unknown}
 z - a scroll of enchant armour {unknown}
Potions
 b - a potion of lignification
 h - 3 potions of curing
 j - 4 potions of haste
 o - 2 potions of cancellation {unknown}
 v - a potion of magic {unknown}
 w - 3 potions of attraction {unknown}
 x - a potion of enlightenment {unknown}


   Skills:
 + Level 5.1 Fighting
 * Level 6.0 Dodging
 + Level 6.4 Unarmed Combat
 + Level 6.0 Shapeshifting


You had 8 spell levels left.
You didn't know any spells.
Your spell library contained the following spells:

 Spells                   Type           Power      Damage    Failure   Level
 Necrotise                Necr           0%         1d4       45%         1
 Sublimation of Blood     Necr           0%         N/A       58%         2
 Dazzling Flash           Conj/Hex       0%         N/A       83%         3
 Vampiric Draining        Necr           0%         2d6       83%         3
 Volatile Blastmotes      Fire/Tloc      0%         2d10      83%         3
 Martyr's Knell           Necr/Summ      0%         N/A       99%         4
 Petrify                  Alch/Erth      0%         N/A       99%         4
 Curse of Agony           Necr           0%         N/A       100%        5
 Irradiate                Conj/Alch      0%         3d11      100%        5
 Starburst                Conj/Fire      0%         6d3       100%        6
 Maxwell's Capacitive Co  Air            0%         ∞         100%        8


Dungeon Overview and Level Annotations

Branches:
Dungeon (7/15)             Temple (0/1) D:4           Sewer (visited)

Altars:
Gozag

Portals:
Abyss: D:4

Annotations:
D:4 2 transporters, zenocrate's ghost, amateur OpEE
D:6 3 runed translucent doors, theodolus's ghost, novice CoFi


Innate Abilities, Weirdness & Mutations

You are a creature with a mouth for a stomach.
Your midsection houses a second, enormous mouth.
Your maximum health is decreased, since you lack skill for your form.
You are too large for most types of armour.
You have claws for hands.
Your natural rate of healing is unusually fast.
You are covered in fur. (AC +1)
You have tough skin. (AC +1)


Message History

You kill the gnoll!
The gnoll hits you from afar with a +0 spear!
You scratch the gnoll. You bite the gnoll!
The gnoll is severely wounded.
The gnoll hits you with a +0 flail.
The gnoll hits you from afar with a +0 spear.
The gnoll sergeant hits you from afar with a +1 vampiric spear!
You are too injured to fight recklessly!
You are too injured to fight recklessly!
You are too injured to fight recklessly!
You are too injured to fight recklessly!
You are too injured to fight recklessly!
You are too injured to fight recklessly!
Unknown command.
The gnoll attacks as it pursues you! The gnoll barely misses you.
The gnoll attacks as it pursues you! The gnoll closely misses you.
You claw the gnoll!
You devour the gnoll!
You feel better.
You kill the gnoll!
The gnoll attacks as it pursues you!
The gnoll hits you from afar with a +0 spear.
The gnoll attacks as it pursues you! The gnoll closely misses you.
The gnoll hits you from afar with a +0 spear.
The gnoll hits you with a +0 spear.
You claw the gnoll!
You devour the gnoll!
You feel better.
You kill the gnoll!
You scratch the gnoll. You bite the gnoll, but do no damage.
The gnoll is moderately wounded.
The gnoll hits you with a +0 whip.
The gnoll sergeant hits you from afar with a +1 vampiric spear!
You mangle the gnoll!!
You devour the gnoll!
You feel better.
You kill the gnoll!
The gnoll sergeant hits you from afar with a +1 vampiric spear.
The gnoll sergeant hits you with a +1 vampiric spear!
* * * LOW HITPOINT WARNING * * *
Things that are here:
a +0 whip; a +0 spear You mangle the gnoll sergeant!!
The gnoll sergeant is severely wounded.
The gnoll sergeant hits you with a +1 vampiric spear!
You die...

.###.### #.## . ...
##########..###### .
....##................#
.. .......######........
... ..##.....# ##...#####
.... .........###.....#
..... #.............#
......###....)###[....#
.........W...............
.......###g..############
...?... ##.##
#......####)#
#......gg...#
#############


You could see a gnoll sergeant.

Vanquished Creatures
  Menkaure (D:4)
  2 water moccasins
  An orc warrior (D:6)
  A sky beast (D:6)
  A black bear (D:6)
  2 centaurs
  3 bullfrogs
  2 scorpions (D:5)
  5 killer bees (D:7)
  A hound (D:6)
  A bombardier beetle (D:5)
  6 orc priests
  A jelly (D:5)
  2 sleepcaps
  Natasha (thrice) (D:4)
  2 iguanas (D:6)
  6 orc wizards
  11 gnolls
  3 river rats (Sewer)
  17 adders
  A white imp (D:7)
  4 ufetubi
  A ribbon worm (D:6)
  3 dart slugs
  25 orcs
  9 endoplasms
  3 giant cockroaches
  5 goblins
  8 hobgoblins
  A jackal (D:4)
  6 kobolds
  4 quokkas
  16 ball pythons
  5 bats
  6 frilled lizards
  28 rats
196 creatures vanquished.

Notes
Turn   | Place    | Note
-------+----------+-------------------------------------------
     0 | D:1      | dialectric the Troll Shapeshifter began the quest for the
                  | Orb.
     0 | D:1      | Reached XP level 1. HP: 18/18 MP: 0/0
   297 | D:1      | Reached skill level 1 in Fighting
   310 | D:1      | Reached XP level 2. HP: 27/27 MP: 1/1
   911 | D:2      | Reached XP level 3. HP: 30/33 MP: 2/2
  1888 | D:3      | Reached XP level 4. HP: 37/42 MP: 3/3
  1924 | D:4      | Found an opulent altar of Gozag.
  2107 | D:3      | Reached XP level 5. HP: 40/49 MP: 4/4
  2480 | D:4      | Noticed Menkaure
  2485 | D:4      | Killed Menkaure
  2486 | D:4      | Reached XP level 6. HP: 7/59 MP: 5/5
  2578 | D:4      | Found a staircase to the Ecumenical Temple.
  2585 | D:4      | Noticed Natasha
  2588 | D:4      | Killed Natasha
  2772 | D:4      | Found a one-way gate to the infinite horrors of the Abyss.
  2772 | D:4      | Noticed zenocrate's ghost (amateur OpEE)
  2774 | D:4      | Noticed a small abomination
  2776 | D:4      | Noticed a small abomination
  2781 | D:4      | Found a transporter.
  2789 | D:4      | Found a transporter.
  2802 | D:4      | Noticed a toenail golem
  2816 | D:4      | Noticed Natasha
  2821 | D:4      | Killed Natasha
  2958 | D:4      | Noticed Natasha
  2963 | D:4      | Killed Natasha
  3142 | D:5      | Entered Level 5 of the Dungeon
  3172 | D:5      | Reached XP level 7. HP: 67/67 MP: 6/6
  3803 | D:5      | Reached skill level 5 in Unarmed Combat
  4161 | D:6      | Reached skill level 5 in Shapeshifting
  4170 | D:6      | Reached XP level 8. HP: 31/78 MP: 7/7
  4296 | D:6      | Found a glowing drain.
  4311 | Sewer    | Entered a sewer
  4769 | D:6      | Reached skill level 5 in Dodging
  4775 | D:6      | Found a runed translucent gate.
  4776 | D:6      | Found a runed translucent gate.
  4776 | D:6      | Found a runed translucent gate.
  4892 | D:6      | Noticed theodolus's ghost (novice CoFi)
  5392 | D:7      | Reached XP level 9. HP: 78/87 MP: 8/8
  5407 | D:7      | Reached skill level 5 in Fighting
  5598 | D:7      | Mangled by a gnoll sergeant

Illustrated notes

Levels and vault maps discovered:
D:1:      onia_arrival_mini_maze, layout_basic, minmay_stone_trees_small
D:2:      layout_loops_corners
D:3:      layout_basic
D:4:      layout_loops_ring, nicolae_gozag_cash_rules_everything_around_me,
          minmay_temple_entry_statues_pillars, gammafunk_ghost_abyssal_escape,
          grunt_tough_drop, uniq_natasha, uniq_menkaure
D:5:      layout_gridville
D:6:      layout_loops_ring, gammafunk_ghost_necromancy,
          gup_sewer_entry_bubbles, kennysheep_generic_room_11
D:7:      layout_loops_ring, grunt_temple_overflow_diamond

Skill      XL: |  1  2  3  4  5  6  7  8  9 |
---------------+----------------------------+-----
Fighting       | 1 2 3 4 5 |  5.1
Dodging        | 2 3 4 5 6 |  6.0
Unarmed Combat | 4 5 6 |  6.4
Shapeshifting  | 4 5 6 |  6.0

Action                     |  1- 3 |  4- 6 |  7- 9 || total
---------------------------+-------+-------+-------++-------
  Melee: Unarmed           |    91 |   124 |   274 ||   489
         Punch             |     1 |     3 |     4 ||     8
         Maw               |       |       |     8 ||     8
  Throw: Dart              |       |    10 |     3 ||    13
Ability: Begin Untransform |       |       |     1 ||     1
  Evoke: Wand              |       |       |     3 ||     3
    Use: Scroll            |     2 |     1 |       ||     3
         Potion            |       |       |     5 ||     5
   Stab: Sleeping          |     1 |       |       ||     1
 Armour: Animal skin       |    34 |    96 |   178 ||   308
         Skin              |       |       |   142 ||   142
  Dodge: Dodged            |    41 |    79 |   178 ||   298
   Form: Maw               |       |       |     1 ||     1

Table legend: (Time is in decaauts)
 A = Elapsed time spent in this place.
 B = Non-inter-level travel time spent in this place.
 C = Inter-level travel time spent in this place.
 D = Time resting spent in this place.
 E = Time spent auto-exploring this place.
 F = Levels seen in this place.
 G = Mean time per level.
                   A        B        C        D        E       F      G
               +--------+--------+--------+--------+--------+-----+--------+
         Total |   5554 |   5388 |    166 |    378 |   3753 |   8 |  694.2 |
       Dungeon |   5222 |   5056 |    166 |    336 |   3622 |   7 |  746.0 |
         Sewer |    331 |    331 |      0 |     42 |    131 |   1 |  331.0 |
               +--------+--------+--------+--------+--------+-----+--------+

Top non-repeatable levels by time:
     D:5: 937 daAuts
     D:2: 893 daAuts
     D:1: 886 daAuts
     D:6: 846 daAuts
     D:4: 727 daAuts
     D:3: 621 daAuts
   Sewer: 331 daAuts
     D:7: 310 daAuts
